 Dungeon Crawl Stone Soup version 0.30-a0-632-g346586fe48 (webtiles) character file.

Game seed: 5023070206481720222

778 Newt the Trooper (level 7, -2/54 HPs)
             Began as a Demonspawn Gladiator on Jan 13, 2023.
             Was an Initiate of Hepliaklqana.
             Slain by an orc
             ... wielding a +3 flail
              (8 damage)
             ... on level 5 of the Dungeon.
             The game lasted 00:04:43 (4066 turns).

Newt the Trooper (Demonspawn Gladiator)             Turns: 4066, Time: 00:04:44

Health: -2/54      AC: 19    Str: 17      XL:     7   Next: 54%
Magic:  7/7        EV:  5    Int:  8 (9)  God:    Hepliaklqana [......]
Gold:   235        SH:  4    Dex: 14      Spells: 6/6 levels left

rFire   . . .      SeeInvis +    z - +5 whip of Innocence {pain, rElec rPois}
rCold   + . .      Faith    .    (no shield)
rNeg    . . .      Spirit   .    q - +2 plate armour {rC+}
rPois   +          Reflect  .    c - +0 helmet
rElec   +          Harm     .    (no cloak)
rCorr   .          Rampage  .    (no gloves)
Will    .....                    (no boots) Stlth
                                 (no amulet)
HPRegen 0.29/turn                s - ring of see invisible
MPRegen 0.10/turn                (no ring)

@: no status effects
A: icemail 1, sharp scales 2, condensation shield
a: Renounce Religion


You were on level 5 of the Dungeon.
You worshipped Hepliaklqana.
Hepliaklqana was noncommittal.
You visited 1 branch of the dungeon, and saw 5 of its levels.

You collected 235 gold pieces.

Inventory:

Hand Weapons
 a - a +0 rapier of protection
 f - a +1 dagger of holy wrath
 o - a +1 dagger of venom
 y - a +4 short sword
 z - the +5 whip of Innocence (weapon) {pain, rElec rPois}
   (You took it off a kobold on level 4 of the Dungeon)

   rElec:     It insulates you from electricity.
   rPois:     It protects you from poison.
Missiles
 d - 4 throwing nets (quivered)
 e - 7 javelins
 l - 11 poisoned darts
Armour
 b - a +0 leather armour
 c - a +0 helmet (worn)
 q - a +2 plate armour of cold resistance (worn)
 B - a +3 chain mail of willpower
Jewellery
 s - a ring of see invisible (left hand)
 w - a ring of fire
 A - a ring of wizardry
Wands
 i - a wand of mindburst (10)
Potions
 g - 2 potions of mutation
 h - 2 potions of curing
 j - a potion of heal wounds
 k - 3 potions of degeneration
 m - a potion of lignification
 n - a potion of ambrosia
 p - a potion of berserk rage {unknown}
 x - a potion of invisibility {unknown}


   Skills:
 - Level 4.0 Fighting
 - Level 4.0 Short Blades
 + Level 2.7 Maces & Flails
 - Level 4.0 Throwing
 - Level 4.0 Dodging
 - Level 3.0 Stealth


You had 6 spell levels left.
You didn't know any spells.
Your spell library was empty.

Dungeon Overview and Level Annotations

Branches:
Dungeon (5/15)
 Temple: D:4-7

Altars:
Hepliaklqana
Okawaru
Qazlal
Trog
Wu Jian


Innate Abilities, Weirdness & Mutations

A meltable icy envelope protects you from harm. (AC +4)
You are mostly covered in razor-sharp scales. (AC +2, Slay +2)
A meltable shield of frost defends you. (SH +4)


Message History

You whack the orc!
You kill the orc!
You hear the slow rusting of a very distant drain.
The orc hits you but does no damage. The orc barely misses you.
The orc hits you but does no damage. x2; You block the orc's attack.
You completely miss the orc. The orc hits you with a +3 flail.
The orc hits you but does no damage. x3; The orc completely misses you.
You whack the orc!
You kill the orc!
You block the orc's attack. The orc barely misses you. x3
You hit the orc.
The orc is severely wounded.
The orc hits you but does no damage. x3; The orc barely misses you.
You hit the orc.
The orc is moderately wounded.
The orc completely misses you. The orc hits you but does no damage. x3
The orc hits you but does no damage. x2
Things that are here:
a +0 flail; an orc corpse The orc completely misses you.
You closely miss the orc. You block the orc's attack.
You hit the orc.
The orc is heavily wounded.
The orc hits you with a +3 flail!
* * * LOW HITPOINT WARNING * * *
The orc hits you with a +0 flail.
* * * LOW HITPOINT WARNING * * *
The orc hits you but does no damage. The orc completely misses you.
You hit the orc.
The orc is almost dead.
The orc hits you with a +3 flail.
* * * LOW HITPOINT WARNING * * *
You block the orc's attack. The orc hits you but does no damage.
You block the orc's attack.
You completely miss the orc.
The orc is almost dead.
You hit the orc.
You kill the orc!
The orc hits you but does no damage. The orc hits you with a +3 flail!
You die...

.. .#.# #....... ... #.
#.#.##.##.## ... #.##
#.#......... .... #).#
#.####.##.##
.....###.####.####......
.....#.._..##.........##
.......#)#.....########
.......)o.)....#
.......@o....†.#
###....o.......#
#............#
#...........[#
#...<........#
#............#
#............#
#............


You could see 3 orcs.

Vanquished Creatures
  Sigmund (D:2)
  2 scorpions
  3 orc priests (D:4)
  A hound (D:4)
  3 iguanas
  2 orc wizards (D:5)
  Natasha (thrice) (D:4)
  11 adders
  A worm (D:3)
  A dart slug (D:1)
  11 orcs
  9 ball pythons
  8 endoplasms
  A giant cockroach (D:1)
  5 goblins
  8 hobgoblins
  4 jackals (D:1)
  3 quokkas
  5 bats
  2 frilled lizards
  5 kobolds
  5 rats
94 creatures vanquished.

Notes
Turn   | Place    | Note
-------+----------+-------------------------------------------
     0 | D:1      | Newt the Demonspawn Gladiator began the quest for the Orb.
     0 | D:1      | Reached XP level 1. HP: 16/16 MP: 1/1
   119 | D:1      | Reached skill level 1 in Stealth
   268 | D:1      | Gained mutation: A meltable shield of frost defends you.
                  | (SH +4) [demonic ancestry]
   268 | D:1      | Reached XP level 2. HP: 10/22 MP: 2/2
  1085 | D:2      | Gained mutation: You are partially covered in razor-sharp
                  | scales. (AC +1, Slay +1) [demonic ancestry]
  1085 | D:2      | Reached XP level 3. HP: 27/27 MP: 3/3
  1352 | D:2      | Gained mutation: You are mostly covered in razor-sharp
                  | scales. (AC +2, Slay +2) [demonic ancestry]
  1352 | D:2      | Reached XP level 4. HP: 35/35 MP: 4/4
  1392 | D:2      | Found a faded altar of an unknown god.
  1660 | D:2      | Noticed Sigmund
  1684 | D:2      | Killed Sigmund
  1685 | D:2      | Gained mutation: A meltable icy envelope protects you from
                  | harm. (AC +4) [demonic ancestry]
  1685 | D:2      | Reached XP level 5. HP: 28/42 MP: 5/5
  1956 | D:3      | Reached XP level 6. HP: 42/48 MP: 6/6
  2317 | D:3      | Found a bloodstained altar of Trog.
  2391 | D:3      | Found a faded altar of an unknown god.
  2394 | D:3      | Found a hazy altar of Hepliaklqana.
  2826 | D:4      | Identified the +5 whip of Innocence {pain, rElec rPois}
  2993 | D:4      | Noticed Natasha
  2999 | D:4      | Killed Natasha
  3070 | D:4      | Found a stormy altar of Qazlal.
  3070 | D:4      | Found an iron altar of Okawaru.
  3485 | D:4      | Noticed Natasha
  3493 | D:4      | Killed Natasha
  3494 | D:4      | Reached XP level 7. HP: 54/54 MP: 7/7
  3519 | D:4      | Noticed Natasha
  3528 | D:4      | Killed Natasha
  3643 | D:4      | Reached skill level 1 in Maces & Flails
  3861 | D:3      | Became a worshipper of Hepliaklqana the Forgotten
  3904 | D:5      | Entered Level 5 of the Dungeon
  4026 | D:5      | Found an ornate altar of the Wu Jian Council.
  4066 | D:5      | Slain by an orc

Illustrated notes

Levels and vault maps discovered:
D:1:      nagdon_arrival_zigzag_paths, layout_basic, serial_curves,
          eino_curves_02, eino_curves_02, minmay_crystal_room, grunt_decor_cap
D:2:      layout_loops_ring, shapermc_ecumenical_altar_flowoftime, uniq_sigmund
D:3:      layout_basic, nicolae_overflow_ecumenical_swirl, minitemple,
          corner_web_ring
D:4:      cheibrodos_helix_gallery, layout_basic,
          nicolae_overflow_two_pavilions, uniq_natasha
D:5:      layout_basic, lemuel_crystal_altar, cheibrodos_sewer_entry_drain,
          uniq_blork_the_orc

Skill      XL: |  1  2  3  4  5  6  7 |
---------------+----------------------+-----
Stealth        | 1 2 3 |  3.0
Fighting       | 3 4 |  4.0
Short Blades   | 4 |  4.0
Dodging        | 3 4 |  4.0
Throwing       | 3 4 |  4.0
Maces & Flails | 2 |  2.7

Action                   |  1- 3 |  4- 6 |  7- 9 || total
-------------------------+-------+-------+-------++-------
Melee: Rapier            |   110 |       |       ||   110
       Dagger            |     6 |   139 |       ||   145
       Whip              |       |    35 |    49 ||    84
       Punch             |       |     2 |       ||     2
Throw: Javelin           |     1 |       |       ||     1
  Use: Scroll            |     3 |     4 |     8 ||    15
       Potion            |       |     1 |       ||     1
 Stab: Sleeping          |     3 |     5 |       ||     8
       Distracted        |     1 |       |       ||     1
Armor: Leather armour    |    45 |    16 |       ||    61
       Plate armour      |       |    49 |    72 ||   121
       Skin              |       |     1 |       ||     1
Dodge: Dodged            |    72 |    54 |    29 ||   155
Block: Other             |     7 |    28 |    10 ||    45

Table legend: (Time is in decaauts)
 A = Elapsed time spent in this place.
 B = Non-inter-level travel time spent in this place.
 C = Inter-level travel time spent in this place.
 D = Time resting spent in this place.
 E = Time spent auto-exploring this place.
 F = Levels seen in this place.
 G = Mean time per level.
                   A        B        C        D        E       F      G
               +--------+--------+--------+--------+--------+-----+--------+
         Total |   4067 |   3729 |    338 |     52 |   2908 |   5 |  813.4 |
       Dungeon |   4067 |   3729 |    338 |     52 |   2908 |   5 |  813.4 |
               +--------+--------+--------+--------+--------+-----+--------+

Top non-repeatable levels by time:
     D:4: 1328 daAuts
     D:1: 1080 daAuts
     D:2: 792 daAuts
     D:3: 705 daAuts
     D:5: 161 daAuts
